 Dungeon Crawl Stone Soup version 0.27-a0-679-g77a6b55cf3 (webtiles) character file.

Game seed: 2157275046533553549

4 Lanoc the Sneak (level 1, 0/11 HPs)
             Began as a Vine Stalker Delver on Mar 18, 2021.
             Succumbed to a worker ant's poison
             ... on level 4 of the Dungeon.
             The game lasted 00:01:04 (273 turns).

Lanoc the Sneak (Vine Stalker Delver)                Turns: 273, Time: 00:01:05

Health: 0/11       AC:  3    Str: 14    XL:     1   Next: 70%
Magic:  1/2        EV: 12    Int: 10    God:
Gold:   9          SH:  0    Dex: 15    Spells: 0/0 levels left

rFire    . . .     SeeInvis +   a - +0 falchion
rCold    . . .     Faith    .   (no shield)
rNeg     . . .     Spirit   +   b - +0 leather armour
rPois    .         Reflect  .   (no helmet)
rElec    .         Harm     .   (no cloak)
rCorr    .         Rampage  .   (no gloves)
Will     .....                  (no boots)
Stlth    +++.......             (no amulet)
HPRegen  0.03/turn              h - ring of see invisible
MPRegen  0.08/turn              (no ring)

@: brilliant, lethally poisoned (0 -> -16), hasted, very quick
A: fangs 2, magic shield, antimagic bite, no potion heal 3
a: no special abilities


You were on level 4 of the Dungeon.
You visited 1 branch of the dungeon, and saw 2 of its levels.

You collected 9 gold pieces.

Inventory:

Hand Weapons
 a - a +0 falchion (weapon)
Armour
 b - a +0 leather armour (worn)
Jewellery
 h - a ring of see invisible (right hand)
Wands
 g - a wand of digging (3)
Scrolls
 c - a scroll of fog
 d - 2 scrolls of magic mapping
 e - a scroll of fear
 i - a scroll of immolation {unknown}


   Skills:
 + Level 2.8 Fighting
 - Level 1.7 Long Blades
 + Level 1.8 Dodging
 - Level 6.0 Stealth


You couldn't memorise any spells.
You didn't know any spells.
Your spell library was empty.

Dungeon Overview and Level Annotations

Branches:
Dungeon (5/15)
 Temple: D:4-7

Altars:

Shops:
D:5 :

Annotations:
D:4 Edmund


Innate Abilities, Weirdness & Mutations

You have extremely sharp teeth.
When hurt, damage is shared between your health and your magic reserves.
Your bite disrupts and absorbs the magic of your enemies.
Potions cannot restore your health.


Message History

h - a ring of see invisible
h - a ring of see invisible (right hand)
Found 15 arrows.
Found 9 gold pieces.
You see here 15 arrows.
Found a bubbling green potion.
You now have 9 gold pieces.
Found a ring of see invisible.
Edmund the Younger comes into view.
He is wielding a +2 dire flail of protection.
Found 18 gold pieces.
You see here a bubbling green potion.
You see here a ring of see invisible.
i - a ring of see invisible You see here a bubbling green potion.
j - a bubbling green potion
Found a scroll of magic mapping.
An ogre comes into view. It is wielding a +0 giant spiked club.
i - a ring of see invisible (left hand) Drop what? 10/52 slots (_ for help) (? for menu, Esc to quit)
You remove your ring of see invisible.
You drop a ring of see invisible.
Found a scroll labelled DAULER BYLLI.
d - 2 scrolls of magic mapping (gained 1)
A worker ant comes into view.
Found 7 gold pieces.
You see here a scroll labelled DAULER BYLLI.
i - a scroll labelled DAULER BYLLI You closely miss the worker ant.
Your bite misses the worker ant. The worker ant bites you. x2
* * * LOW HITPOINT WARNING * * *
You are lethally poisoned!
The worker ant poisons you!
It was a potion of brilliance.
You feel clever all of a sudden.
* * * LOW HITPOINT WARNING * * *
You feel sick. The worker ant misses you.
You riposte.
You hit the worker ant but do no damage.
You bite the worker ant, but do no damage.
You feel yourself speed up.
You die...

#O# #.......#
#.# #..####...
#.# #..# ## #.#
#..# #..#######
#.###.........
#...........##
#.####B###...##
#.@.......
#.###...## #$#
## #.. #.# #.#
... #.


You could see a worker ant.

Vanquished Creatures
  3 jackals (D:5)
  A quokka zombie (D:5)
4 creatures vanquished.

Notes
Turn   | Place    | Note
-------+----------+-------------------------------------------
     0 | D:5      | Lanoc the Vine Stalker Delver began the quest for the Orb.
     0 | D:5      | Reached XP level 1. HP: 11/11 MP: 2/2
    14 | D:5      | Found Illur's Book Emporium.
   185 | D:4      | Noticed a worker ant
   235 | D:4      | Noticed Edmund
   248 | D:4      | Noticed an ogre
   264 | D:4      | Noticed a worker ant
   273 | D:4      | Succumbed to a worker ant's poison

Illustrated notes

Levels and vault maps discovered:
D:4:      layout_loops_ring, kennysheep_okawaru_gauntlet, old_standard_altar,
          uniq_edmund
D:5:      layout_basic, general_overflow_altar, serial_shops, shop, shop,
          uniq_pikel, uniq_blork_the_orc, uniq_duvessa

Action                   || total
-------------------------++-------
Melee: Falchion          ||    13
       Bite              ||     6
  Use: Potion            ||     2
       Scroll            ||     1
Armor: Leather armour    ||     5
Dodge: Dodged            ||     9
       Rpst.: Falchion   ||     3

Table legend: (Time is in decaauts)
 A = Elapsed time spent in this place.
 B = Non-inter-level travel time spent in this place.
 C = Inter-level travel time spent in this place.
 D = Time resting spent in this place.
 E = Time spent auto-exploring this place.
 F = Levels seen in this place.
 G = Mean time per level.
                   A        B        C        D        E       F      G
               +--------+--------+--------+--------+--------+-----+--------+
         Total |    274 |    274 |      0 |    118 |     22 |   2 |  137.0 |
       Dungeon |    274 |    274 |      0 |    118 |     22 |   2 |  137.0 |
               +--------+--------+--------+--------+--------+-----+--------+

Top non-repeatable levels by time:
     D:5: 175 daAuts
     D:4: 98 daAuts
